Predators vs Sabres

Created - February-12-14 at 18:48

Goals
1 2 3 OT1 SO T
Predators 0 1 1 0 2 3
Sabres 1 1 0 0 0 2
Shots
1 2 3 OT1 SO T
Predators 8 11 15 2 2 36
Sabres 9 12 6 1 2 28

1st period

1. Sabres , Chris Stewart 15 (Brad Stuart) at 18:29

Penalties :
Cody Franson (NSH) for Tripping (Minor) at 0:53, Tuomo Ruutu (NSH) for Roughing (Minor) at 6:25, Brad Stuart (BUF) for Close Hand On Puck (Minor) at 19:49

2nd period

2. Sabres , Matt Duchene 25 (Zach Parise, Jason Pominville) at 8:16
3. Predators , Patric Hornqvist 16 (Jeff Petry, Cody Franson) at 17:05 (PP)

Penalties :
Cody Franson (NSH) for Roughing (Minor) at 9:55, Matt Duchene (BUF) for Hooking (Minor) at 12:54, Steven Stamkos (NSH) for Goalie Interference (Minor) at 12:54, Oliver Ekman-Larsson (BUF) for Tripping (Minor) at 16:32

3rd period

4. Predators , Colin Wilson 11 (Nicklas Backstrom, Zbynek Michalek) at 0:58

Penalties :
Oliver Ekman-Larsson (BUF) for Holding (Minor) at 14:47

Overtime #1

No Goal

Penalties :
No Penalty

Shootout

Penalty Shot by Steven Stamkos for Predators - Goal!
Penalty Shot by Thomas Vanek for Sabres - Stopped by Pekka Rinne
Penalty Shot by Max Pacioretty for Predators - Goal!
Penalty Shot by Zach Parise for Sabres - Stopped by Pekka Rinne

Penalties :
No Penalty

Goalie Stats

Pekka Rinne (NSH), 26 saves from 28 shots - (0.929), W, 28-17-2, 65:00 minutes
Ondrej Pavelec (BUF), 34 saves from 36 shots - (0.944), OTL, 24-17-9, 65:00 minutes

Players Stats for Predators

Player Name              G  A  P  +/- PIM S  H  SB GA TA FO     MP     PP MP  PK MP  
------------------------------------------------------------------------------------
Ben Eager                0  0  0   0  0   0  0  0  0  0  1/2     6:15   0:00   0:00 
Brandon Prust            0  0  0   0  0   0  0  0  0  0  0/0     8:14   0:00   1:59 
Cody Franson             0  1  1  -1  4   1  1  0  0  0  0/0    25:15   1:53   0:00 
Colin Wilson             1  0  1   0  0   3  1  0  0  0  0/0    16:41   0:00   0:00 
Derick Brassard          0  0  0   0  0   4  0  0  0  0  13/22  18:39   2:38   1:21 
Deryk Engelland          0  0  0   1  0   0  2  1  0  0  0/0    19:37   0:00   3:24 
Jeff Petry               0  1  1   0  0   2  1  0  0  0  0/0     9:31   1:53   0:00 
Justin Abdelkader        0  0  0   0  0   0  0  0  0  0  4/8    10:13   0:00   3:58 
Max Pacioretty           0  0  0  -1  0   8  4  0  0  0  0/1    22:42   2:59   0:00 
Nicklas Backstrom        0  1  1   0  0   2  1  0  0  0  14/27  20:24   2:59   0:00 
Patric Hornqvist         1  0  1   0  0   4  1  0  0  0  1/3    17:42   2:59   0:00 
Roman Josi               0  0  0  -1  0   1  0  2  0  0  0/0    23:36   0:00   2:33 
Steven Stamkos           0  0  0  -1  2   4  2  1  0  0  16/24  17:43   1:32   0:00 
T.J. Oshie               0  0  0  -1  0   2  1  0  0  0  1/1    17:21   1:32   0:00 
Tuomo Ruutu              0  0  0   0  2   1  2  0  0  0  1/2    13:22   0:00   2:37 
Valtteri Filppula        0  0  0   0  0   2  0  1  0  0  1/4    15:24   1:32   1:59 
Zach Bogosian            0  0  0  -1  0   2  3  0  0  0  0/0    23:55   2:38   3:24 
Zbynek Michalek          0  1  1   0  0   0  1  2  0  0  0/0    25:26   0:00   2:33 

Players Stats for Sabres

Player Name              G  A  P  +/- PIM S  H  SB GA TA FO     MP     PP MP  PK MP  
------------------------------------------------------------------------------------
Brad Boyes               0  0  0   0  0   1  3  0  0  0  1/3    19:41   3:06   0:00 
Brad Stuart              0  1  1   1  2   0  2  0  0  0  0/0    17:29   2:31   1:54 
Brayden Schenn           0  0  0   1  0   1  2  0  0  0  3/13   10:41   0:00   0:00 
Chris Stewart            1  0  1   1  0   4  0  0  0  0  1/3    14:03   2:51   0:00 
Dan Girardi              0  0  0  -1  0   0  6  1  0  0  0/0    28:43   3:26   3:06 
Daniel Winnik            0  0  0   1  0   0  0  0  0  0  0/0    13:05   0:00   3:28 
Francois Beauchemin      0  0  0  -1  0   2  0  1  0  0  0/0    25:52   3:26   1:25 
Jason Pominville         0  1  1   0  0   1  0  0  0  0  1/2    17:57   0:00   0:00 
Joel Ward                0  0  0   0  0   0  0  0  0  0  0/0     6:39   0:00   0:00 
Johnny Oduya             0  0  0   1  0   0  0  0  0  0  0/0    18:11   0:00   1:25 
Josh Gorges              0  0  0   1  0   0  0  2  0  0  0/0    15:35   0:00   0:00 
Matt Duchene             1  0  1   0  2   5  0  1  0  0  18/36  24:20   2:51   0:53 
Mike Fisher              0  0  0   0  0   2  2  0  0  0  12/21  17:47   3:06   0:00 
Oliver Ekman-Larsson     0  0  0   1  4   1  1  1  0  0  0/0    24:07   2:31   1:12 
Paul Gaustad             0  0  0   0  0   0  0  0  0  0  4/12    8:56   0:00   3:38 
Thomas Vanek             0  0  0   0  0   3  0  0  0  0  1/2    21:36   3:06   0:00 
Tom Pyatt                0  0  0   0  0   1  0  0  0  0  0/0     5:18   0:00   0:00 
Zach Parise              0  1  1   0  0   7  2  0  0  0  1/2    23:26   2:51   1:03 

3 Stars

1 - Ondrej Pavelec (BUF)
2 - Chris Stewart (BUF)
3 - Colin Wilson (NSH)

Power Play

Predators - 1 on 3 Attempt(s) - 33.33%
Sabres - 0 on 3 Attempt(s) - 0.00%

Penalty Kill

Predators - 3 on 3 Attempt(s) - 100.00% - Score 0 goal in Penalty Kill
Sabres - 2 on 3 Attempt(s) - 66.67% - Score 0 goal in Penalty Kill

Official

Referees : Paul Devorski and Eric Furlatt
Linesman : Tony Sericolo and Brian Murphy

Game Notes

No Game Note

Finance

Level 1 -- Attendance: 6480 (99.69%) -- Ticket Income $518,400
Level 2 -- Attendance: 4876 (97.52%) -- Ticket Income $243,800
Level 3 -- Attendance: 3281 (93.74%) -- Ticket Income $114,835
Level 4 -- Attendance: 2690 (100.00%) -- Ticket Income $59,180
Luxury Box -- Attendance: 947 (94.70%) -- Ticket Income $189,400
Game was played at the First Niagara Center
Total Attendance: 18274 (97.77%)
Total Ticket Income: $1,125,615
Other Income: $168,842
Total Income: $1,294,457


% Time on Ice - Predators

Lines # - Real PCT - Wanted PCT - Time Play
Normal Forward
1 - 33% - 38% - 15:49
2 - 31% - 34% - 14:43
3 - 23% - 26% - 10:46
4 - 13% - 2% - 6:15
Normal Defense
1 - 30% - 35% - 14:05
2 - 43% - 32% - 20:13
3 - 27% - 27% - 12:48
4 - 1% - 6% - 0:27
PP Forward
1 - 66% - 60% - 2:59
2 - 34% - 40% - 1:32
PP Defense
1 - 58% - 60% - 2:38
2 - 42% - 40% - 1:53
PK Forward
1 - 67% - 60% - 3:58
2 - 33% - 40% - 1:59
PK Defense
1 - 43% - 60% - 2:33
2 - 57% - 40% - 3:24
PK3 Forward
1 - 0% - 60%
2 - 0% - 40%
PK3 Defense
1 - 0% - 60%
2 - 0% - 40%
44 Forward
1 - 72% - 60% - 5:01
2 - 28% - 40% - 1:58
44 Defense
1 - 46% - 60% - 3:11
2 - 54% - 40% - 3:48
Last Minute Offensive  - 0:00
Last Minute Defensive  - 0:00
Total
Forward - 65:00
Defense - 65:00

% Time on Ice - Sabres

Lines # - Real PCT - Wanted PCT - Time Play
Normal Forward
1 - 38% - 40% - 17:57
2 - 31% - 30% - 14:41
3 - 20% - 20% - 9:37
4 - 11% - 10% - 5:18
Normal Defense
1 - 37% - 40% - 17:34
2 - 34% - 30% - 16:15
3 - 26% - 20% - 12:34
4 - 2% - 10% - 1:10
PP Forward
1 - 48% - 60% - 2:51
2 - 52% - 40% - 3:06
PP Defense
1 - 58% - 60% - 3:26
2 - 42% - 40% - 2:31
PK Forward
1 - 80% - 60% - 3:38
2 - 20% - 40% - 0:53
PK Defense
1 - 69% - 55% - 3:06
2 - 31% - 45% - 1:25
PK3 Forward
1 - 0% - 60%
2 - 0% - 40%
PK3 Defense
1 - 0% - 60%
2 - 0% - 40%
44 Forward
1 - 77% - 60% - 5:24
2 - 23% - 40% - 1:35
44 Defense
1 - 57% - 60% - 3:58
2 - 43% - 40% - 3:01
Last Minute Offensive  - 0:00
Last Minute Defensive  - 0:00
Total
Forward - 65:00
Defense - 65:00

Play by Play

1st period


0:01 of 1st period - Matt Duchene wins face-off versus Steven Stamkos in neutral zone.
0:01 of 1st period - Zach Parise is hit by T.J. Oshie and loses puck.
0:13 of 1st period - Shot by Steven Stamkos.
0:13 of 1st period - Shot Misses the Net.
0:18 of 1st period - Off-side.
0:19 of 1st period - Mike Fisher wins face-off versus Nicklas Backstrom in neutral zone.
0:36 of 1st period - Shot by Thomas Vanek.
0:36 of 1st period - Stopped by Pekka Rinne with a rebound.
0:53 of 1st period - Minor Penalty to Cody Franson for Tripping.
0:54 of 1st period - Matt Duchene wins face-off versus Justin Abdelkader in Predators zone.
1:24 of 1st period - Shot by Matt Duchene.
1:24 of 1st period - Shot Blocked by Valtteri Filppula.
1:26 of 1st period - Shot by Dan Girardi.
1:26 of 1st period - Shot Misses the Net.
1:36 of 1st period - Shot by Francois Beauchemin.
1:36 of 1st period - Stopped by Pekka Rinne with a rebound.
2:12 of 1st period - Justin Abdelkader is hit by Brad Boyes and loses puck.
2:19 of 1st period - Shot by Oliver Ekman-Larsson.
2:19 of 1st period - Shot Misses the Net.
2:40 of 1st period - Shot by Brad Boyes.
2:40 of 1st period - Shot Misses the Net.
2:42 of 1st period - Shot by Mike Fisher.
2:42 of 1st period - Stopped by Pekka Rinne without a rebound.
2:43 of 1st period - Mike Fisher wins face-off versus Valtteri Filppula in Predators zone.
4:58 of 1st period - Off-side.
4:59 of 1st period - Steven Stamkos wins face-off versus Brayden Schenn in neutral zone.
5:06 of 1st period - Shot by Steven Stamkos.
5:06 of 1st period - Stopped by Ondrej Pavelec without a rebound.
5:07 of 1st period - Mike Fisher wins face-off versus Steven Stamkos in Sabres zone.
5:09 of 1st period - Icing by Brad Boyes.
5:10 of 1st period - Mike Fisher wins face-off versus Derick Brassard in Sabres zone.
5:27 of 1st period - Mike Fisher is hit by Tuomo Ruutu.
5:34 of 1st period - Icing by Brad Stuart.
5:35 of 1st period - Steven Stamkos wins face-off versus Thomas Vanek in Sabres zone.
6:14 of 1st period - Icing by Roman Josi.
6:15 of 1st period - Steven Stamkos wins face-off versus Brayden Schenn in Predators zone.
6:22 of 1st period - Shot by Max Pacioretty.
6:22 of 1st period - Stopped by Ondrej Pavelec without a rebound.
6:23 of 1st period - Derick Brassard wins face-off versus Zach Parise in Sabres zone.
6:25 of 1st period - Minor Penalty to Tuomo Ruutu for Roughing.
6:26 of 1st period - Justin Abdelkader wins face-off versus Matt Duchene in Predators zone.
6:26 of 1st period - Justin Abdelkader is hit by Zach Parise.
6:33 of 1st period - Icing by Francois Beauchemin.
6:34 of 1st period - Justin Abdelkader wins face-off versus Chris Stewart in Sabres zone.
7:07 of 1st period - Shot by Zach Parise.
7:07 of 1st period - Shot Blocked by Deryk Engelland.
7:47 of 1st period - Derick Brassard is hit by Brad Stuart and loses puck.
8:59 of 1st period - Paul Gaustad is hit by Nicklas Backstrom.
9:02 of 1st period - Off-side.
9:03 of 1st period - T.J. Oshie wins face-off versus Matt Duchene in neutral zone.
9:33 of 1st period - Shot by Max Pacioretty.
9:33 of 1st period - Stopped by Ondrej Pavelec without a rebound.
9:34 of 1st period - Derick Brassard wins face-off versus Chris Stewart in Sabres zone.
9:49 of 1st period - Shot by Chris Stewart.
9:49 of 1st period - Shot Blocked by Zbynek Michalek.
10:28 of 1st period - Icing by Chris Stewart.
10:29 of 1st period - Steven Stamkos wins face-off versus Brayden Schenn in Sabres zone.
10:40 of 1st period - Shot by Max Pacioretty.
10:40 of 1st period - Shot Misses the Net.
10:42 of 1st period - Shot by Max Pacioretty.
10:42 of 1st period - Shot Misses the Net.
11:31 of 1st period - Shot by Matt Duchene.
11:31 of 1st period - Shot Misses the Net.
11:34 of 1st period - Icing by Nicklas Backstrom.
11:35 of 1st period - Nicklas Backstrom wins face-off versus Mike Fisher in Predators zone.
11:35 of 1st period - Nicklas Backstrom is hit by Brad Boyes.
12:04 of 1st period - Shot by Colin Wilson.
12:04 of 1st period - Shot Misses the Net.
12:15 of 1st period - Icing by Mike Fisher.
12:16 of 1st period - Mike Fisher wins face-off versus Derick Brassard in Sabres zone.
12:28 of 1st period - Off-side.
12:29 of 1st period - Steven Stamkos wins face-off versus Matt Duchene in neutral zone.
12:31 of 1st period - Max Pacioretty is hit by Dan Girardi and loses puck.
12:50 of 1st period - Shot by Zach Parise.
12:50 of 1st period - Shot Blocked by Roman Josi.
12:52 of 1st period - Shot by Zach Parise.
12:52 of 1st period - Stopped by Pekka Rinne without a rebound.
12:53 of 1st period - Derick Brassard wins face-off versus Brayden Schenn in Predators zone.
12:53 of 1st period - Derick Brassard is hit by Brayden Schenn.
13:20 of 1st period - Shot by Brayden Schenn.
13:20 of 1st period - Stopped by Pekka Rinne without a rebound.
13:21 of 1st period - Nicklas Backstrom wins face-off versus Matt Duchene in Predators zone.
13:44 of 1st period - Shot by Nicklas Backstrom.
13:44 of 1st period - Stopped by Ondrej Pavelec without a rebound.
13:45 of 1st period - Mike Fisher wins face-off versus Steven Stamkos in Sabres zone.
13:45 of 1st period - Mike Fisher is hit by Steven Stamkos.
13:51 of 1st period - Shot by Max Pacioretty.
13:51 of 1st period - Shot Blocked by Oliver Ekman-Larsson.
14:13 of 1st period - Oliver Ekman-Larsson is hit by Max Pacioretty and loses puck.
14:22 of 1st period - Shot by Steven Stamkos.
14:22 of 1st period - Shot Misses the Net.
14:24 of 1st period - Shot by T.J. Oshie.
14:24 of 1st period - Stopped by Ondrej Pavelec without a rebound.
14:25 of 1st period - Zach Parise wins face-off versus Nicklas Backstrom in Sabres zone.
14:34 of 1st period - Shot by Jason Pominville.
14:34 of 1st period - Deflect By Matt Duchene.
14:34 of 1st period - Stopped by Pekka Rinne without a rebound.
14:35 of 1st period - Matt Duchene wins face-off versus Derick Brassard in Predators zone.
14:39 of 1st period - Icing by Tuomo Ruutu.
14:40 of 1st period - Tuomo Ruutu wins face-off versus Jason Pominville in Predators zone.
14:45 of 1st period - Dan Girardi is hit by Tuomo Ruutu and loses puck.
15:10 of 1st period - Shot by Matt Duchene.
15:10 of 1st period - Stopped by Pekka Rinne without a rebound.
15:11 of 1st period - Nicklas Backstrom wins face-off versus Mike Fisher in Predators zone.
16:15 of 1st period - Brad Boyes is hit by Steven Stamkos and loses puck.
16:39 of 1st period - Shot by Steven Stamkos.
16:39 of 1st period - Shot Misses the Net.
16:41 of 1st period - Shot by Roman Josi.
16:41 of 1st period - Stopped by Ondrej Pavelec without a rebound.
16:42 of 1st period - Derick Brassard wins face-off versus Matt Duchene in Sabres zone.
16:43 of 1st period - Shot by Valtteri Filppula.
16:43 of 1st period - Stopped by Ondrej Pavelec without a rebound.
16:44 of 1st period - Matt Duchene wins face-off versus Valtteri Filppula in Sabres zone.
16:56 of 1st period - Icing by Zbynek Michalek.
16:57 of 1st period - Derick Brassard wins face-off versus Brayden Schenn in Predators zone.
17:16 of 1st period - Shot by Derick Brassard.
17:16 of 1st period - Stopped by Ondrej Pavelec without a rebound.
17:17 of 1st period - Matt Duchene wins face-off versus Steven Stamkos in Sabres zone.
17:41 of 1st period - Max Pacioretty is hit by Dan Girardi.
17:46 of 1st period - Steven Stamkos is hit by Dan Girardi and loses puck.
18:29 of 1st period - Shot by Chris Stewart.
18:29 of 1st period - Goal by Chris Stewart - Predators : 0 - Sabres : 1.
18:30 of 1st period - Mike Fisher wins face-off versus Nicklas Backstrom in neutral zone.
18:47 of 1st period - Shot by Thomas Vanek.
18:47 of 1st period - Stopped by Pekka Rinne without a rebound.
18:48 of 1st period - Brayden Schenn wins face-off versus Derick Brassard in Predators zone.
19:13 of 1st period - Derick Brassard is hit by Brayden Schenn and loses puck.
19:49 of 1st period - Minor Penalty to Brad Stuart for Close Hand On Puck.
19:50 of 1st period - Nicklas Backstrom wins face-off versus Paul Gaustad in Sabres zone.
Goals for this period are 0 for Predators vs 1 for Sabres.
Shots for this period are 8 for Predators vs 9 for Sabres.

2nd period


0:01 of 2nd period - Nicklas Backstrom wins face-off versus Paul Gaustad in neutral zone.
0:08 of 2nd period - Shot by Zach Bogosian.
0:08 of 2nd period - Shot Misses the Net.
1:27 of 2nd period - Shot by Steven Stamkos.
1:27 of 2nd period - Stopped by Ondrej Pavelec without a rebound.
1:28 of 2nd period - Steven Stamkos wins face-off versus Paul Gaustad in Sabres zone.
2:51 of 2nd period - Icing by Jason Pominville.
2:52 of 2nd period - Jason Pominville wins face-off versus Nicklas Backstrom in Sabres zone.
3:21 of 2nd period - Shot by Colin Wilson.
3:21 of 2nd period - Stopped by Ondrej Pavelec with a rebound.
4:06 of 2nd period - Off-side.
4:07 of 2nd period - Mike Fisher wins face-off versus Derick Brassard in neutral zone.
4:30 of 2nd period - Shot by Derick Brassard.
4:30 of 2nd period - Stopped by Ondrej Pavelec with a rebound.
5:07 of 2nd period - Off-side.
5:08 of 2nd period - Nicklas Backstrom wins face-off versus Paul Gaustad in neutral zone.
5:15 of 2nd period - Shot by Colin Wilson.
5:15 of 2nd period - Shot Blocked by Josh Gorges.
5:59 of 2nd period - Shot by Steven Stamkos.
5:59 of 2nd period - Shot Misses the Net.
6:04 of 2nd period - Brayden Schenn is hit by Deryk Engelland and loses puck.
6:13 of 2nd period - Shot by Chris Stewart.
6:13 of 2nd period - Stopped by Pekka Rinne without a rebound.
6:14 of 2nd period - Derick Brassard wins face-off versus Matt Duchene in Predators zone.
6:14 of 2nd period - Derick Brassard is hit by Zach Parise.
6:42 of 2nd period - Shot by Matt Duchene.
6:42 of 2nd period - Stopped by Pekka Rinne without a rebound.
6:43 of 2nd period - Steven Stamkos wins face-off versus Mike Fisher in Predators zone.
7:03 of 2nd period - Roman Josi is hit by Mike Fisher and loses puck.
7:14 of 2nd period - Shot by T.J. Oshie.
7:14 of 2nd period - Shot Blocked by Francois Beauchemin.
7:24 of 2nd period - Max Pacioretty is hit by Mike Fisher and loses puck.
7:28 of 2nd period - Icing by Cody Franson.
7:29 of 2nd period - Matt Duchene wins face-off versus Steven Stamkos in Predators zone.
8:14 of 2nd period - Shot by Zach Parise.
8:14 of 2nd period - Stopped by Pekka Rinne with a rebound.
8:16 of 2nd period - Shot by Zach Parise.
8:16 of 2nd period - Deflect By Matt Duchene.
8:16 of 2nd period - Goal by Matt Duchene - Predators : 0 - Sabres : 2.
8:17 of 2nd period - Brayden Schenn wins face-off versus Derick Brassard in neutral zone.
8:52 of 2nd period - Shot by Valtteri Filppula.
8:52 of 2nd period - Stopped by Ondrej Pavelec without a rebound.
8:53 of 2nd period - Nicklas Backstrom wins face-off versus Mike Fisher in Sabres zone.
9:26 of 2nd period - Shot by Thomas Vanek.
9:26 of 2nd period - Stopped by Pekka Rinne without a rebound.
9:27 of 2nd period - Matt Duchene wins face-off versus Steven Stamkos in Predators zone.
9:55 of 2nd period - Minor Penalty to Cody Franson for Roughing.
9:56 of 2nd period - Justin Abdelkader wins face-off versus Mike Fisher in Predators zone.
9:56 of 2nd period - Justin Abdelkader is hit by Brad Boyes.
10:27 of 2nd period - Shot by Mike Fisher.
10:27 of 2nd period - Stopped by Pekka Rinne without a rebound.
10:28 of 2nd period - Chris Stewart wins face-off versus Justin Abdelkader in Predators zone.
10:37 of 2nd period - Shot by Zach Parise.
10:37 of 2nd period - Stopped by Pekka Rinne with a rebound.
10:49 of 2nd period - Shot by Zach Parise.
10:49 of 2nd period - Shot Misses the Net.
10:51 of 2nd period - Shot by Matt Duchene.
10:51 of 2nd period - Shot Misses the Net.
10:53 of 2nd period - Shot by Zach Parise.
10:53 of 2nd period - Shot Misses the Net.
11:09 of 2nd period - Shot by Oliver Ekman-Larsson.
11:09 of 2nd period - Deflect By Chris Stewart.
11:09 of 2nd period - Stopped by Pekka Rinne without a rebound.
11:10 of 2nd period - Valtteri Filppula wins face-off versus Mike Fisher in Predators zone.
12:23 of 2nd period - Paul Gaustad is hit by Patric Hornqvist and loses puck.
12:33 of 2nd period - Tom Pyatt is hit by Cody Franson.
12:49 of 2nd period - Shot by Matt Duchene.
12:49 of 2nd period - Deflect By Zach Parise.
12:49 of 2nd period - Stopped by Pekka Rinne without a rebound.
12:50 of 2nd period - Steven Stamkos wins face-off versus Matt Duchene in Predators zone.
12:54 of 2nd period - Minor Penalty to Matt Duchene for Hooking.
12:54 of 2nd period - Minor Penalty to Steven Stamkos for Goalie Interference.
12:55 of 2nd period - Derick Brassard wins face-off versus Brad Boyes in neutral zone.
14:43 of 2nd period - Icing by Max Pacioretty.
14:44 of 2nd period - Derick Brassard wins face-off versus Brad Boyes in Predators zone.
14:56 of 2nd period - Shot by Thomas Vanek.
14:56 of 2nd period - Shot Misses the Net.
14:58 of 2nd period - Shot by Jason Pominville.
14:58 of 2nd period - Shot Misses the Net.
15:00 of 2nd period - Shot by Jason Pominville.
15:00 of 2nd period - Stopped by Pekka Rinne without a rebound.
15:01 of 2nd period - Matt Duchene wins face-off versus Ben Eager in Predators zone.
15:11 of 2nd period - Matt Duchene is hit by Zbynek Michalek and loses puck.
15:18 of 2nd period - Shot by Jason Pominville.
15:18 of 2nd period - Shot Blocked by Roman Josi.
15:20 of 2nd period - Shot by Zach Parise.
15:20 of 2nd period - Stopped by Pekka Rinne without a rebound.
15:21 of 2nd period - Nicklas Backstrom wins face-off versus Brayden Schenn in Predators zone.
15:27 of 2nd period - Off-side.
15:28 of 2nd period - Matt Duchene wins face-off versus Nicklas Backstrom in neutral zone.
15:45 of 2nd period - Shot by Matt Duchene.
15:45 of 2nd period - Stopped by Pekka Rinne without a rebound.
15:46 of 2nd period - Mike Fisher wins face-off versus Max Pacioretty in Predators zone.
16:21 of 2nd period - Shot by Steven Stamkos.
16:21 of 2nd period - Stopped by Ondrej Pavelec with a rebound.
16:32 of 2nd period - Minor Penalty to Oliver Ekman-Larsson for Tripping.
16:33 of 2nd period - Patric Hornqvist wins face-off versus Paul Gaustad in Sabres zone.
16:34 of 2nd period - Shot by Nicklas Backstrom.
16:34 of 2nd period - Deflect By Max Pacioretty.
16:34 of 2nd period - Shot Misses the Net.
16:36 of 2nd period - Shot by Cody Franson.
16:36 of 2nd period - Stopped by Ondrej Pavelec without a rebound.
16:37 of 2nd period - Paul Gaustad wins face-off versus Nicklas Backstrom in Sabres zone.
16:37 of 2nd period - Paul Gaustad is hit by Max Pacioretty.
16:59 of 2nd period - Shot by Cody Franson.
16:59 of 2nd period - Shot Misses the Net.
17:01 of 2nd period - Shot by Jeff Petry.
17:01 of 2nd period - Shot Misses the Net.
17:03 of 2nd period - Shot by Jeff Petry.
17:03 of 2nd period - Stopped by Ondrej Pavelec with a rebound.
17:05 of 2nd period - Shot by Patric Hornqvist.
17:05 of 2nd period - Goal by Patric Hornqvist - Predators : 1 - Sabres : 2.
17:06 of 2nd period - Derick Brassard wins face-off versus Matt Duchene in neutral zone.
18:11 of 2nd period - Icing by Francois Beauchemin.
18:12 of 2nd period - Mike Fisher wins face-off versus Nicklas Backstrom in Sabres zone.
18:16 of 2nd period - Icing by Thomas Vanek.
18:17 of 2nd period - Steven Stamkos wins face-off versus Mike Fisher in Sabres zone.
18:32 of 2nd period - Shot by Thomas Vanek.
18:32 of 2nd period - Shot Misses the Net.
18:42 of 2nd period - Shot by Mike Fisher.
18:42 of 2nd period - Shot Blocked by Steven Stamkos.
19:02 of 2nd period - Shot by Max Pacioretty.
19:02 of 2nd period - Stopped by Ondrej Pavelec without a rebound.
19:03 of 2nd period - Nicklas Backstrom wins face-off versus Matt Duchene in Sabres zone.
19:04 of 2nd period - Shot by Colin Wilson.
19:04 of 2nd period - Deflect By Patric Hornqvist.
19:04 of 2nd period - Stopped by Ondrej Pavelec without a rebound.
19:05 of 2nd period - Matt Duchene wins face-off versus Nicklas Backstrom in Sabres zone.
19:05 of 2nd period - Matt Duchene is hit by Zach Bogosian.
19:12 of 2nd period - Matt Duchene is hit by Zach Bogosian and loses puck.
19:16 of 2nd period - Icing by Zbynek Michalek.
19:17 of 2nd period - Brayden Schenn wins face-off versus Nicklas Backstrom in Predators zone.
19:38 of 2nd period - Shot by Patric Hornqvist.
19:38 of 2nd period - Stopped by Ondrej Pavelec without a rebound.
19:39 of 2nd period - Steven Stamkos wins face-off versus Matt Duchene in Sabres zone.
Goals for this period are 1 for Predators vs 1 for Sabres.
Shots for this period are 11 for Predators vs 12 for Sabres.

3rd period


0:01 of 3rd period - Nicklas Backstrom wins face-off versus Matt Duchene in neutral zone.
0:20 of 3rd period - Shot by Zach Parise.
0:20 of 3rd period - Stopped by Pekka Rinne without a rebound.
0:21 of 3rd period - Steven Stamkos wins face-off versus Brayden Schenn in Predators zone.
0:46 of 3rd period - Shot by Max Pacioretty.
0:46 of 3rd period - Stopped by Ondrej Pavelec without a rebound.
0:47 of 3rd period - Matt Duchene wins face-off versus Nicklas Backstrom in Sabres zone.
0:58 of 3rd period - Shot by Colin Wilson.
0:58 of 3rd period - Goal by Colin Wilson - Predators : 2 - Sabres : 2.
0:59 of 3rd period - Mike Fisher wins face-off versus Derick Brassard in neutral zone.
1:09 of 3rd period - Icing by Zach Bogosian.
1:10 of 3rd period - Matt Duchene wins face-off versus Derick Brassard in Predators zone.
1:29 of 3rd period - Shot by Zach Bogosian.
1:29 of 3rd period - Stopped by Ondrej Pavelec without a rebound.
1:30 of 3rd period - Nicklas Backstrom wins face-off versus Brayden Schenn in Sabres zone.
1:33 of 3rd period - Shot by Colin Wilson.
1:33 of 3rd period - Shot Misses the Net.
1:39 of 3rd period - Shot by Patric Hornqvist.
1:39 of 3rd period - Stopped by Ondrej Pavelec without a rebound.
1:40 of 3rd period - Steven Stamkos wins face-off versus Matt Duchene in Sabres zone.
1:47 of 3rd period - Shot by Max Pacioretty.
1:47 of 3rd period - Shot Misses the Net.
2:27 of 3rd period - Icing by Francois Beauchemin.
2:28 of 3rd period - Nicklas Backstrom wins face-off versus Matt Duchene in Sabres zone.
2:49 of 3rd period - Shot by Nicklas Backstrom.
2:49 of 3rd period - Stopped by Ondrej Pavelec without a rebound.
2:50 of 3rd period - Derick Brassard wins face-off versus Mike Fisher in Sabres zone.
2:53 of 3rd period - Shot by Tuomo Ruutu.
2:53 of 3rd period - Stopped by Ondrej Pavelec without a rebound.
2:54 of 3rd period - Derick Brassard wins face-off versus Mike Fisher in Sabres zone.
3:34 of 3rd period - Icing by Johnny Oduya.
3:35 of 3rd period - Mike Fisher wins face-off versus Nicklas Backstrom in Sabres zone.
3:35 of 3rd period - Mike Fisher is hit by Colin Wilson.
3:43 of 3rd period - Shot by Nicklas Backstrom.
3:43 of 3rd period - Shot Misses the Net.
3:45 of 3rd period - Shot by Zach Bogosian.
3:45 of 3rd period - Stopped by Ondrej Pavelec with a rebound.
3:47 of 3rd period - Shot by Colin Wilson.
3:47 of 3rd period - Stopped by Ondrej Pavelec without a rebound.
3:48 of 3rd period - Steven Stamkos wins face-off versus Matt Duchene in Sabres zone.
3:58 of 3rd period - Steven Stamkos is hit by Dan Girardi and loses puck.
4:03 of 3rd period - Shot by Steven Stamkos.
4:03 of 3rd period - Deflect By Max Pacioretty.
4:03 of 3rd period - Stopped by Ondrej Pavelec without a rebound.
4:04 of 3rd period - Nicklas Backstrom wins face-off versus Brayden Schenn in Sabres zone.
4:04 of 3rd period - Colin Wilson is hit by Brad Stuart and loses puck.
5:06 of 3rd period - Shot by Jason Pominville.
5:06 of 3rd period - Shot Misses the Net.
6:16 of 3rd period - Dan Girardi is hit by Max Pacioretty and loses puck.
8:48 of 3rd period - Nicklas Backstrom is hit by Oliver Ekman-Larsson and loses puck.
10:29 of 3rd period - Shot by Max Pacioretty.
10:29 of 3rd period - Stopped by Ondrej Pavelec without a rebound.
10:30 of 3rd period - Nicklas Backstrom wins face-off versus Brayden Schenn in Sabres zone.
10:59 of 3rd period - Shot by Chris Stewart.
10:59 of 3rd period - Stopped by Pekka Rinne without a rebound.
11:00 of 3rd period - Matt Duchene wins face-off versus Steven Stamkos in Predators zone.
11:14 of 3rd period - Zach Parise is hit by Deryk Engelland and loses puck.
11:44 of 3rd period - Zach Parise is hit by Jeff Petry and loses puck.
12:56 of 3rd period - Shot by Francois Beauchemin.
12:56 of 3rd period - Stopped by Pekka Rinne without a rebound.
12:57 of 3rd period - Paul Gaustad wins face-off versus Justin Abdelkader in Predators zone.
13:12 of 3rd period - Shot by Tom Pyatt.
13:12 of 3rd period - Shot Misses the Net.
13:14 of 3rd period - Shot by Paul Gaustad.
13:14 of 3rd period - Shot Misses the Net.
13:44 of 3rd period - Icing by Cody Franson.
13:45 of 3rd period - Justin Abdelkader wins face-off versus Matt Duchene in Predators zone.
14:19 of 3rd period - Shot by Zach Parise.
14:19 of 3rd period - Deflect By Matt Duchene.
14:19 of 3rd period - Shot Misses the Net.
14:21 of 3rd period - Shot by Zach Parise.
14:21 of 3rd period - Stopped by Pekka Rinne without a rebound.
14:22 of 3rd period - Thomas Vanek wins face-off versus Patric Hornqvist in Predators zone.
14:22 of 3rd period - Thomas Vanek is hit by Zach Bogosian.
14:47 of 3rd period - Minor Penalty to Oliver Ekman-Larsson for Holding.
14:48 of 3rd period - Steven Stamkos wins face-off versus Paul Gaustad in Sabres zone.
14:49 of 3rd period - Shot by Derick Brassard.
14:49 of 3rd period - Stopped by Ondrej Pavelec with a rebound.
14:59 of 3rd period - Shot by T.J. Oshie.
14:59 of 3rd period - Stopped by Ondrej Pavelec without a rebound.
15:00 of 3rd period - Paul Gaustad wins face-off versus Patric Hornqvist in Sabres zone.
15:00 of 3rd period - Paul Gaustad is hit by Max Pacioretty.
15:57 of 3rd period - Shot by Jeff Petry.
15:57 of 3rd period - Stopped by Ondrej Pavelec without a rebound.
15:58 of 3rd period - Paul Gaustad wins face-off versus Valtteri Filppula in Sabres zone.
16:02 of 3rd period - Off-side.
16:03 of 3rd period - Steven Stamkos wins face-off versus Paul Gaustad in neutral zone.
16:14 of 3rd period - Shot by T.J. Oshie.
16:14 of 3rd period - Deflect By Steven Stamkos.
16:14 of 3rd period - Shot Misses the Net.
16:16 of 3rd period - Shot by Cody Franson.
16:16 of 3rd period - Shot Blocked by Dan Girardi.
16:18 of 3rd period - Shot by Steven Stamkos.
16:18 of 3rd period - Stopped by Ondrej Pavelec without a rebound.
16:19 of 3rd period - Matt Duchene wins face-off versus Nicklas Backstrom in Sabres zone.
16:44 of 3rd period - Shot by Max Pacioretty.
16:44 of 3rd period - Stopped by Ondrej Pavelec without a rebound.
16:45 of 3rd period - Steven Stamkos wins face-off versus Matt Duchene in Sabres zone.
17:06 of 3rd period - Shot by Brad Boyes.
17:06 of 3rd period - Shot Misses the Net.
17:08 of 3rd period - Shot by Thomas Vanek.
17:08 of 3rd period - Shot Blocked by Zbynek Michalek.
17:10 of 3rd period - Shot by Oliver Ekman-Larsson.
17:10 of 3rd period - Shot Misses the Net.
17:12 of 3rd period - Shot by Oliver Ekman-Larsson.
17:12 of 3rd period - Stopped by Pekka Rinne with a rebound.
17:21 of 3rd period - Icing by Deryk Engelland.
17:22 of 3rd period - Matt Duchene wins face-off versus Justin Abdelkader in Predators zone.
19:18 of 3rd period - Icing by Deryk Engelland.
19:19 of 3rd period - Ben Eager wins face-off versus Paul Gaustad in Predators zone.
19:48 of 3rd period - Shot by Tom Pyatt.
19:48 of 3rd period - Stopped by Pekka Rinne without a rebound.
19:49 of 3rd period - Matt Duchene wins face-off versus Tuomo Ruutu in Predators zone.
Goals for this period are 1 for Predators vs 0 for Sabres.
Shots for this period are 15 for Predators vs 6 for Sabres.

Overtime #1


0:01 of 1st overtime period - Matt Duchene wins face-off versus Derick Brassard in neutral zone.
0:28 of 1st overtime period - Shot by Max Pacioretty.
0:28 of 1st overtime period - Stopped by Ondrej Pavelec without a rebound.
0:29 of 1st overtime period - Derick Brassard wins face-off versus Matt Duchene in Sabres zone.
1:02 of 1st overtime period - Shot by Max Pacioretty.
1:02 of 1st overtime period - Deflect By Derick Brassard.
1:02 of 1st overtime period - Stopped by Ondrej Pavelec with a rebound.
1:22 of 1st overtime period - Icing by Oliver Ekman-Larsson.
1:23 of 1st overtime period - Matt Duchene wins face-off versus Nicklas Backstrom in Sabres zone.
1:53 of 1st overtime period - Shot by Nicklas Backstrom.
1:53 of 1st overtime period - Deflect By Colin Wilson.
1:53 of 1st overtime period - Shot Blocked by Matt Duchene.
2:29 of 1st overtime period - Zach Bogosian is hit by Dan Girardi and loses puck.
3:29 of 1st overtime period - Icing by Roman Josi.
3:30 of 1st overtime period - Brad Boyes wins face-off versus Steven Stamkos in Predators zone.
3:43 of 1st overtime period - Shot by Brad Boyes.
3:43 of 1st overtime period - Stopped by Pekka Rinne without a rebound.
3:44 of 1st overtime period - Derick Brassard wins face-off versus Matt Duchene in Predators zone.
3:57 of 1st overtime period - Shot by Derick Brassard.
3:57 of 1st overtime period - Shot Blocked by Josh Gorges.
4:52 of 1st overtime period - Nicklas Backstrom is hit by Dan Girardi and loses puck.
Goals for this period are 0 for Predators vs 0 for Sabres.
Shots for this period are 2 for Predators vs 1 for Sabres.

ShootOut


5:00 of 1st overtime period - Penalty Shot by Steven Stamkos for Predators.
5:00 of 1st overtime period - Goal by Steven Stamkos.
5:00 of 1st overtime period - Penalty Shot by Thomas Vanek for Sabres.
5:00 of 1st overtime period - Stopped by Pekka Rinne.
5:00 of 1st overtime period - Penalty Shot by Max Pacioretty for Predators.
5:00 of 1st overtime period - Goal by Max Pacioretty.
5:00 of 1st overtime period - Penalty Shot by Zach Parise for Sabres.
5:00 of 1st overtime period - Stopped by Pekka Rinne.


Output by the SimonT Hockey Simulator (STHS) for Stephane Roy -- Original Page W3C XHTML 1.0 Valid
Hockey Simulator - Hockey Simulation - Hockey Manager